Map: Romanticide LE

Players

Arjsker - Winner!

  • Race: Zerg Zerg
  • League: Platinum

DoHMaN

  • Race: Zerg Zerg
  • League: Gold

VOD

Have the link to the VOD?

Description

Time

  • Played on: Sept. 12, 2021, 10:14 a.m.
  • Length: 8:46
Show
View Real Time Build Order
Export as new Build Order

Arjsker Zerg - Winner!

Build Orders: Hatch First 

Get SALT Encoding   

  12  0:01  Drone  
  13  0:13  Overlord  
  13  0:17  Drone  
  14  0:31  Drone  
  14  0:32  Drone  
  16  0:41  Drone  
  17  0:53  Hatchery  
  17  0:56  Drone  
  17  1:09  Extractor  
  16  1:15  Spawning Pool  
  16  1:16  Drone  
  16  1:18  Drone  
  17  1:23  Drone  
  18  1:29  Drone  
  19  1:42  Drone  
  20  1:51  Overlord  
  20  2:04  Queen  
  20  2:07  Zergling x2  
  20  2:08  Zergling x2  
  24  2:09  Queen  
  24  2:11  Drone  
  27  2:17  Drone  
  28  2:24  Drone, Baneling Nest  
  28  2:29  Drone  
  29  2:40  Drone x2  
  31  2:47  Queen x2  
  35  2:52  Zergling x2  
  35  2:53  Overlord  
  36  3:12  Overlord  
  36  3:13  Zergling x6  
  36  3:16  Zergling x2  
  36  3:18  Baneling  
  36  3:19  Baneling  
  40  3:22  Zergling x8  
  44  3:34  Drone x4  
  48  3:42  Lair  
  48  3:45  Drone  
  48  3:46  Roach Warren  
  48  3:56  Evolution Chamber  
  48  3:57  Evolution Chamber, Zergling x2  
  48  3:58  Zergling x2  
  48  4:04  Metabolic Boost  
  48  4:06  Drone x2  
  50  4:16  Drone x2  
  52  4:19  Overlord x2  
  52  4:23  Extractor  
  51  4:24  Drone  
  51  4:26  Extractor  
  51  4:29  Drone  
  49  4:53  Roach, Zergling x4  
  49  4:54  Roach x6  
  49  4:56  Overlord  
  65  5:02  Roach  
  65  5:07  Drone  
  65  5:08  Drone x4  
  65  5:10  Drone  
  65  5:25  Roach  
  67  5:29  Zergling x2  
  67  5:30  Zergling x4  
  67  5:31  Hatchery  
  67  5:33  Baneling x4  
  69  5:43  Drone x4  
  69  5:48  Extractor  
  72  6:00  Roach x2  
  76  6:08  Centrifical Hooks  
  76  6:10  Glial Reconstitution  
  76  6:12  Overlord  
  76  6:13  Overlord  
  76  6:29  Baneling x4  
  76  6:30  Baneling  
  76  6:31  Roach, Zergling x10  
  76  6:32  Zergling x2  
  84  6:34  Roach  
  84  6:35  Roach x2  
  90  6:40  Roach  
  90  6:44  Overlord  
  92  6:47  Zerg Missile Weapons Level 1  
  92  7:00  Overlord x3  
  92  7:09  Drone, Hydralisk Den  
  86  7:25  Roach x3  
  86  7:26  Roach, Zergling x8  
  89  7:53  Roach x3  
  89  7:54  Roach, Zergling x8  
  99  8:00  Roach  
  101  8:24  Roach x2, Zergling x2  
  101  8:25  Zergling x4  
Show
View Real Time Build Order
Export as new Build Order

DoHMaN Zerg 

Build Orders: Pool First 

Get SALT Encoding   

  12  0:00  Drone  
  13  0:14  Overlord  
  13  0:19  Drone  
  14  0:32  Drone  
  14  0:33  Drone  
  16  0:39  Drone  
  17  0:46  Spawning Pool  
  16  0:51  Drone  
  17  1:14  Drone  
  17  1:15  Hatchery  
  17  1:18  Extractor  
  16  1:21  Drone  
  16  1:22  Drone  
  18  1:35  Queen  
  18  1:39  Overlord  
  20  1:42  Drone  
  21  1:53  Drone  
  22  2:02  Drone  
  23  2:11  Queen  
  25  2:18  Zergling x2  
  26  2:23  Zergling x2  
  26  2:28  Drone  
  28  2:38  Drone x2  
  28  2:40  Metabolic Boost  
  30  2:53  Queen  
  30  2:54  Drone  
  30  2:55  Drone x3  
  36  3:10  Overlord x2  
  36  3:20  Baneling Nest  
  36  3:24  Overlord  
  36  3:25  Overlord  
  35  3:28  Drone x2  
  35  3:30  Extractor  
  35  3:31  Extractor  
  35  3:33  Extractor  
  34  3:46  Zergling x12  
  40  4:12  Lair  
  40  4:16  Hatchery  
  39  4:18  Evolution Chamber x2  
  39  4:20  Zergling x4  
  39  4:21  Zergling x2  
  40  4:33  Drone  
  40  4:34  Drone x6  
  47  4:44  Zerg Melee Weapons Level 1  
  42  4:57  Zergling x2  
  42  4:58  Zergling x12  
  46  5:05  Zergling x8  
  38  5:17  Zergling x2  
  38  5:18  Zergling x4  
  38  5:20  Drone  
  42  5:23  Queen  
  45  5:28  Drone  
  45  5:38  Drone x3  
  48  5:49  Queen  
  48  5:51  Drone  
  51  6:14  Drone  
  51  6:15  Drone x4  
  54  6:25  Queen  
  56  6:38  Spire  
  55  6:40  Drone, Spire  
  55  6:42  Drone x2  
  55  6:44  Drone  
  58  6:48  Drone  
  58  6:49  Drone  
  59  7:22  Zergling x8  
  46  7:23  Zergling x8  
  46  7:24  Zergling x2  
  46  7:25  Zergling x10  
  56  7:42  Zergling x2  
  56  7:43  Zergling x2  
  41  7:56  Zergling x2  
  41  7:57  Zergling x4  
  32  8:08  Mutalisk x2  
  25  8:30  Drone x2  
  25  8:31  Drone x2  
Tags
 
Add a new tag
Caveats
  • Supply blocks, unpowered buildings, or Contaminate may cause inaccurate times.
  • Supply counts are checked every 10 seconds.